TOP OF THE 1ST |
Bradenton Marauders batting - Pitching for Palm Beach Cardinals : RHP Marcos Vergara
|
Pitching: RHP Marcos Vergara
|
|
Batting: RHB Etsuro Hosokawa
|
0-0: Ball 1-0: Ground out U3 (Groundball, 34, EV 100.0 MPH)
|
Batting: LHB Josh Aerni
|
0-0: Ball 1-0: Swinging Strike 1-1: Called Strike 1-2: Fly out, F2 (Popup, 23F, EV 81.9 MPH)
|
Batting: SHB Francisco Gutierrez
|
0-0: Swinging Strike 0-1: Ball 1-1: Called Strike 1-2: Ball 2-2: SINGLE (Line Drive, 56, EV 100.6 MPH)
|
Batting: LHB Micah Boshnjaku
|
0-0: Ball 1-0: Ball 2-0: Ball 3-0: Called Strike 3-1: Base on Balls Francisco Gutierrez to second
|
Batting: RHB Chris Pozzi
|
0-0: Ball 1-0: Foul Ball, location: 2F 1-1: Foul Ball, location: 2F 1-2: Ball 2-2: Ball 3-2: 3-RUN HOME RUN (Line Drive, 7D, EV 101.2 MPH), Distance : 389 ft
|
Batting: LHB Ruben Garza
|
0-0: Ball 1-0: Ball 2-0: Ball 3-0: Base on Balls
|
Batting: RHB Dave Fredericks
|
0-0: Ball 1-0: Ball 2-0: Called Strike 2-1: Called Strike 2-2: Strikes out swinging passed ball, reaches first! Ruben Garza to second
|
Batting: RHB Ken Manser
|
0-0: Ball 1-0: Fly out, F9 (Flyball, 89D, EV 101.9 MPH)
|
Top of the 1st over - 3 runs, 2 hits, 0 errors, 2 left on base; Bradenton 3 - Palm Beach 0 |
BOTTOM OF THE 1ST |
Palm Beach Cardinals batting - Pitching for Bradenton Marauders : RHP Matt Decker
|
Pitching: RHP Matt Decker
|
|
Batting: RHB Josh Broome
|
0-0: Ball 1-0: Ball 2-0: Swinging Strike 2-1: Foul Ball, location: 2F 2-2: Fly out, F8 (Flyball, 78D, EV 72.5 MPH)
|
Batting: RHB Immel Kamuzu
|
0-0: Ball 1-0: Called Strike 1-1: Swinging Strike 1-2: Ball 2-2: Ground out 5-3 (Groundball, 56, EV 85.6 MPH)
|
Batting: LHB Billy Guzman
|
0-0: Called Strike 0-1: Fly out, F7 (Line Drive, 7, EV 90.6 MPH)
|
Bottom of the 1st over - 0 runs, 0 hits, 0 errors, 0 left on base; Bradenton 3 - Palm Beach 0 |
TOP OF THE 2ND |
Bradenton Marauders batting - Pitching for Palm Beach Cardinals : RHP Marcos Vergara
|
Batting: RHB Alex Arzate
|
0-0: Swinging Strike 0-1: Ball 1-1: Foul Ball, location: 2F 1-2: DOUBLE (Flyball, 89D, EV 105.6 MPH)
|
Batting: RHB Etsuro Hosokawa
|
0-0: SINGLE (Line Drive, 7LS, EV 111.2 MPH) Alex Arzate to third Runner from 3rd tries for Home, SAFE, throw by LF to home
|
Batting: LHB Josh Aerni
|
0-0: Grounds into double play, 4-6-3 (Groundball, 4, EV 101.9 MPH)
|
Batting: SHB Francisco Gutierrez
|
0-0: Hit by Pitch
|
Batting: LHB Micah Boshnjaku
|
0-0: Called Strike Francisco Gutierrez is caught stealing 2nd base 2-6
|
Top of the 2nd over - 1 run, 2 hits, 0 errors, 0 left on base; Bradenton 4 - Palm Beach 0 |
BOTTOM OF THE 2ND |
Palm Beach Cardinals batting - Pitching for Bradenton Marauders : RHP Matt Decker
|
Batting: RHB Mark Marks
|
0-0: Ball 1-0: Foul Ball, location: 2F 1-1: Fly out, F9 (Flyball, 9D, EV 73.8 MPH)
|
Batting: RHB John Peterson
|
0-0: Ball 1-0: Ball 2-0: Called Strike 2-1: Called Strike 2-2: Foul Ball, location: 2F 2-2: Ball 3-2: Fly out, F7 (Line Drive, 7S, EV 89.4 MPH)
|
Batting: RHB Tyler Walker
|
0-0: Called Strike 0-1: Ball 1-1: Swinging Strike 1-2: Ball 2-2: Ball 3-2: Foul Ball, location: 2F 3-2: Strikes out swinging
|
Bottom of the 2nd over - 0 runs, 0 hits, 0 errors, 0 left on base; Bradenton 4 - Palm Beach 0 |
TOP OF THE 3RD |
Bradenton Marauders batting - Pitching for Palm Beach Cardinals : RHP Marcos Vergara
|
Batting: LHB Micah Boshnjaku
|
0-0: Called Strike 0-1: Swinging Strike 0-2: Strikes out looking
|
Batting: RHB Chris Pozzi
|
0-0: Called Strike 0-1: Ball 1-1: Ball 2-1: Ground out 1-3 (Groundball, 13S, EV 65.0 MPH)
|
Batting: LHB Ruben Garza
|
0-0: Ball 1-0: Ball 2-0: Ball 3-0: Base on Balls
|
Batting: RHB Dave Fredericks
|
0-0: Ball 1-0: Ball 2-0: Ball 3-0: SINGLE (Groundball, 25, EV 71.9 MPH) (infield hit) Ruben Garza to second
|
Batting: RHB Ken Manser
|
0-0: Ball Wild Pitch! Ruben Garza to third Dave Fredericks to second 1-0: Foul Ball, location: 2F 1-1: Ball 2-1: Ball 3-1: Foul Ball, location: 2F 3-2: Base on Balls
|
Batting: RHB Alex Arzate
|
0-0: Ball 1-0: Foul Ball, location: 2F 1-1: Fielders Choice at 2nd, 5-4 (Groundball, 56, EV 77.5 MPH)
|
Top of the 3rd over - 0 runs, 1 hit, 0 errors, 3 left on base; Bradenton 4 - Palm Beach 0 |
BOTTOM OF THE 3RD |
Palm Beach Cardinals batting - Pitching for Bradenton Marauders : RHP Matt Decker
|
Batting: RHB Tommy Tracy
|
0-0: Called Strike 0-1: Called Strike 0-2: Strikes out swinging
|
Batting: RHB Kyle Burns
|
0-0: Ground out U3 (Groundball, 3L, EV 85.0 MPH)
|
Batting: RHB Ben Politi
|
0-0: Called Strike 0-1: Foul Ball, location: 2F 0-2: Ball 1-2: Ball 2-2: Ball 3-2: Strikes out looking
|
Bottom of the 3rd over - 0 runs, 0 hits, 0 errors, 0 left on base; Bradenton 4 - Palm Beach 0 |
TOP OF THE 4TH |
Bradenton Marauders batting - Pitching for Palm Beach Cardinals : RHP Marcos Vergara
|
Batting: RHB Etsuro Hosokawa
|
0-0: Ball 1-0: Called Strike 1-1: Foul Ball, location: 2F 1-2: Fly out, F9 (Flyball, 89D, EV 91.9 MPH)
|
Batting: LHB Josh Aerni
|
0-0: Called Strike 0-1: SINGLE (Flyball, 56D, EV 90.6 MPH)
|
Batting: SHB Francisco Gutierrez
|
0-0: Ball 1-0: Ball 2-0: Foul Ball, location: 2F 2-1: Foul Ball, location: 2F 2-2: Ball 3-2: Strikes out looking
|
Pitching: RHP Rafael Montano
|
|
Batting: LHB Micah Boshnjaku
|
0-0: Ball 1-0: Ball 2-0: Ball 3-0: Base on Balls Josh Aerni to second
|
Batting: RHB Chris Pozzi
|
0-0: Called Strike 0-1: Called Strike 0-2: Strikes out swinging
|
Top of the 4th over - 0 runs, 1 hit, 0 errors, 2 left on base; Bradenton 4 - Palm Beach 0 |
BOTTOM OF THE 4TH |
Palm Beach Cardinals batting - Pitching for Bradenton Marauders : RHP Matt Decker
|
Batting: RHB Josh Broome
|
0-0: Ball 1-0: Called Strike 1-1: Swinging Strike 1-2: Foul Ball, location: 2F 1-2: Foul Ball, location: 2F 1-2: Strikes out swinging
|
Batting: RHB Immel Kamuzu
|
0-0: Ball 1-0: Foul Ball, location: 2F 1-1: Called Strike 1-2: Ball 2-2: Strikes out looking
|
Batting: LHB Billy Guzman
|
0-0: Called Strike 0-1: Ball 1-1: Ball 2-1: Ball 3-1: Foul Ball, location: 2F 3-2: Foul Ball, location: 2F 3-2: Ground out 6-3 (Groundball, 6, EV 87.5 MPH)
|
Bottom of the 4th over - 0 runs, 0 hits, 0 errors, 0 left on base; Bradenton 4 - Palm Beach 0 |
TOP OF THE 5TH |
Bradenton Marauders batting - Pitching for Palm Beach Cardinals : RHP Rafael Montano
|
Batting: LHB Ruben Garza
|
0-0: Ball 1-0: Foul Ball, location: 2F 1-1: Swinging Strike 1-2: Strikes out swinging
|
Batting: RHB Dave Fredericks
|
0-0: Ball 1-0: Ball 2-0: Called Strike 2-1: Foul Ball, location: 2F 2-2: Strikes out swinging
|
Batting: RHB Ken Manser
|
0-0: Called Strike 0-1: Foul Ball, location: 2F 0-2: Ball 1-2: Foul Ball, location: 2F 1-2: Ball 2-2: Strikes out looking
|
Top of the 5th over - 0 runs, 0 hits, 0 errors, 0 left on base; Bradenton 4 - Palm Beach 0 |
BOTTOM OF THE 5TH |
Palm Beach Cardinals batting - Pitching for Bradenton Marauders : RHP Matt Decker
|
Batting: RHB Mark Marks
|
0-0: Ball 1-0: Called Strike 1-1: Ball 2-1: Ball 3-1: Base on Balls
|
Batting: RHB John Peterson
|
0-0: Ball 1-0: Called Strike 1-1: Fly out, F9 (Flyball, 89M, EV 80.0 MPH)
|
Batting: RHB Tyler Walker
|
0-0: Called Strike 0-1: Ball 1-1: DOUBLE (Groundball, 5L, EV 107.5 MPH) Mark Marks to third
|
Batting: RHB Tommy Tracy
|
0-0: Ball 1-0: Called Strike 1-1: Ground out 3-1 (Groundball, 34, EV 96.2 MPH) Mark Marks scores Tyler Walker to third
|
Batting: RHB Kyle Burns
|
0-0: Foul Ball, location: 2F 0-1: Ball 1-1: Foul Ball, location: 2F 1-2: Foul Ball, location: 2F 1-2: Ball 2-2: Strikes out swinging
|
Bottom of the 5th over - 1 run, 1 hit, 0 errors, 1 left on base; Bradenton 4 - Palm Beach 1 |
TOP OF THE 6TH |
Bradenton Marauders batting - Pitching for Palm Beach Cardinals : RHP Rafael Montano
|
Batting: RHB Alex Arzate
|
0-0: Foul Ball, location: 2F 0-1: Ball 1-1: Called Strike 1-2: Ball 2-2: Ball 3-2: Strikes out swinging
|
Batting: RHB Etsuro Hosokawa
|
0-0: Ball 1-0: Ball 2-0: Called Strike 2-1: Foul Ball, location: 2F 2-2: Strikes out swinging
|
Batting: LHB Josh Aerni
|
0-0: Ball 1-0: Ball 2-0: Ball 3-0: Called Strike 3-1: Foul Ball, location: 2F 3-2: Strikes out swinging
|
Top of the 6th over - 0 runs, 0 hits, 0 errors, 0 left on base; Bradenton 4 - Palm Beach 1 |
BOTTOM OF THE 6TH |
Palm Beach Cardinals batting - Pitching for Bradenton Marauders : RHP Matt Decker
|
Batting: RHB Ben Politi
|
0-0: Ball 1-0: Ball 2-0: Fly out, F8 (Flyball, 89M, EV 84.4 MPH)
|
Batting: RHB Josh Broome
|
0-0: Ball 1-0: Fly out, F8 (Flyball, 8RXD, EV 109.4 MPH)
|
Batting: RHB Immel Kamuzu
|
0-0: SINGLE (Groundball, 34D, EV 97.5 MPH)
|
Batting: LHB Billy Guzman
|
0-0: Hit by Pitch Immel Kamuzu to second
|
Batting: RHB Mark Marks
|
0-0: Ball 1-0: Ground out 5-3 (Groundball, 5S, EV 70.0 MPH)
|
Bottom of the 6th over - 0 runs, 1 hit, 0 errors, 2 left on base; Bradenton 4 - Palm Beach 1 |
TOP OF THE 7TH |
Bradenton Marauders batting - Pitching for Palm Beach Cardinals : RHP Rafael Montano
|
Pitching: RHP Ricky Enriquez
|
|
Batting: SHB Francisco Gutierrez
|
0-0: Called Strike 0-1: Ball 1-1: Ball 2-1: Ball 3-1: Base on Balls
|
Batting: LHB Micah Boshnjaku
|
0-0: Ball 1-0: Swinging Strike 1-1: Called Strike 1-2: Strikes out swinging
|
Batting: RHB Chris Pozzi
|
0-0: Ball 1-0: Swinging Strike 1-1: Ball 2-1: Called Strike 2-2: 2-RUN HOME RUN (Flyball, 7D, EV 93.1 MPH), Distance : 365 ft
|
Batting: LHB Ruben Garza
|
0-0: Ball 1-0: Ball 2-0: Foul Ball, location: 2F 2-1: Called Strike 2-2: Strikes out looking
|
Batting: RHB Dave Fredericks
|
0-0: Ball 1-0: Called Strike 1-1: Ball 2-1: Ball 3-1: Ground out 5-3 (Groundball, 56, EV 79.4 MPH)
|
Top of the 7th over - 2 runs, 1 hit, 0 errors, 0 left on base; Bradenton 6 - Palm Beach 1 |
BOTTOM OF THE 7TH |
Palm Beach Cardinals batting - Pitching for Bradenton Marauders : RHP Matt Decker
|
Batting: RHB John Peterson
|
0-0: Fly out, F7 (Flyball, 7, EV 91.9 MPH)
|
Batting: RHB Tyler Walker
|
0-0: Ball 1-0: Called Strike 1-1: Ball 2-1: Called Strike 2-2: Strikes out swinging
|
Batting: RHB Tommy Tracy
|
0-0: Ball 1-0: Called Strike 1-1: Swinging Strike 1-2: Strikes out swinging
|
Bottom of the 7th over - 0 runs, 0 hits, 0 errors, 0 left on base; Bradenton 6 - Palm Beach 1 |
TOP OF THE 8TH |
Bradenton Marauders batting - Pitching for Palm Beach Cardinals : RHP Ricky Enriquez
|
Batting: RHB Ken Manser
|
0-0: Ball 1-0: Foul Ball, location: 2F 1-1: Called Strike 1-2: Strikes out swinging
|
Batting: RHB Alex Arzate
|
0-0: Called Strike 0-1: Swinging Strike 0-2: Ball 1-2: Strikes out swinging
|
Batting: RHB Etsuro Hosokawa
|
0-0: Foul Ball, location: 2F 0-1: Swinging Strike 0-2: Foul Ball, location: 2F 0-2: SINGLE (Line Drive, 89S, EV 91.9 MPH)
|
Pitching: RHP Danny Cook
|
|
Batting: LHB Josh Aerni
|
0-0: Ball Etsuro Hosokawa is caught stealing 2nd base 2-6
|
Top of the 8th over - 0 runs, 1 hit, 0 errors, 0 left on base; Bradenton 6 - Palm Beach 1 |
BOTTOM OF THE 8TH |
Palm Beach Cardinals batting - Pitching for Bradenton Marauders : RHP Matt Decker
|
Batting: RHB Kyle Burns
|
0-0: Called Strike 0-1: Ground out 6-3 (Groundball, 6, EV 85.6 MPH)
|
Pitching: RHP Jeff Crescimanno
|
|
Batting: RHB Ben Politi
|
0-0: Called Strike 0-1: Called Strike 0-2: Foul Ball, location: 2F 0-2: Ball 1-2: Ball 2-2: Ball 3-2: Strikes out looking
|
Batting: RHB Josh Broome
|
0-0: Ball 1-0: Ball 2-0: Ball 3-0: Called Strike 3-1: Called Strike 3-2: Foul Ball, location: 2F 3-2: DOUBLE (Line Drive, 89M, EV 104.4 MPH)
|
Batting: RHB Immel Kamuzu
|
0-0: Ball 1-0: Foul Ball, location: 2F 1-1: Ball 2-1: Swinging Strike 2-2: Strikes out swinging
|
Bottom of the 8th over - 0 runs, 1 hit, 0 errors, 1 left on base; Bradenton 6 - Palm Beach 1 |
TOP OF THE 9TH |
Bradenton Marauders batting - Pitching for Palm Beach Cardinals : RHP Danny Cook
|
Batting: LHB Josh Aerni
|
0-0: Called Strike 0-1: Ball 1-1: Ball 2-1: Ball 3-1: Swinging Strike 3-2: Base on Balls
|
Batting: SHB Francisco Gutierrez
|
0-0: Ball 1-0: Ball 2-0: Ball 3-0: Called Strike 3-1: Foul Ball, location: 2F 3-2: Strikes out swinging Josh Aerni is caught stealing 2nd base 2-6 Batter strikes out.
|
Batting: LHB Micah Boshnjaku
|
0-0: Ball 1-0: Called Strike 1-1: Ball 2-1: Ball 3-1: Base on Balls
|
Batting: RHB Chris Pozzi
|
0-0: Called Strike 0-1: Called Strike 0-2: Foul Ball, location: 2F 0-2: Ball 1-2: Ground out 6-3 (Groundball, 6, EV 90.6 MPH)
|
Top of the 9th over - 0 runs, 0 hits, 0 errors, 1 left on base; Bradenton 6 - Palm Beach 1 |
BOTTOM OF THE 9TH |
Palm Beach Cardinals batting - Pitching for Bradenton Marauders : RHP Jeff Crescimanno
|
Batting: LHB Billy Guzman
|
0-0: Called Strike 0-1: Ball 1-1: Swinging Strike 1-2: Ball 2-2: Ball 3-2: SINGLE (Line Drive, 89S, EV 95.0 MPH)
|
Batting: RHB Mark Marks
|
0-0: Ball 1-0: Foul Ball, location: 2F 1-1: Swinging Strike 1-2: Ball 2-2: Foul Ball, location: 2F 2-2: Ball 3-2: Foul Ball, location: 2F 3-2: SINGLE (Groundball, 34D, EV 100.0 MPH) Billy Guzman to second Billy Guzman to third
|
Batting: RHB John Peterson
|
0-0: Ball 1-0: Called Strike 1-1: Foul Ball, location: 2F 1-2: Fly out, F8 (Line Drive, 8RM, EV 98.1 MPH)
|
Batting: RHB Tyler Walker
|
0-0: Ball 1-0: Called Strike 1-1: Foul Ball, location: 2F 1-2: Strikes out swinging
|
Pinch Hitting: LHB Travis Ruppel
|
0-0: Called Strike 0-1: Ball 1-1: Foul Ball, location: 2F 1-2: Ball 2-2: Strikes out looking
|
Bottom of the 9th over - 0 runs, 2 hits, 0 errors, 2 left on base; Bradenton 6 - Palm Beach 1 |
|